 Dungeon Crawl Stone Soup version 0.30-a0-170-g85af917532 (webtiles) character file.

Game seed: 3429435874998997898

7 KennySheep the Grave Robber (level 2, -3/19 HPs)
             Began as a Human Necromancer on Oct 1, 2022.
             Slain by a gnoll
             ... wielding a +0 spear
              (8 damage)
             ... on level 1 of the Dungeon.
             The game lasted 00:02:04 (195 turns).

KennySheep the Grave Robber (Human Necromancer)      Turns: 195, Time: 00:02:04

Health: -3/19      AC:  2    Str:  8    XL:     2   Next: 5%
Magic:  0/5        EV: 12    Int: 15    God:
Gold:   20         SH:  0    Dex: 13    Spells: 4/5 levels left

rFire   . . .      SeeInvis .    d - +0 dagger
rCold   . . .      Faith    .    (no shield)
rNeg    . . .      Spirit   .    a - +0 robe
rPois   .          Reflect  .    (no helmet)
rElec   .          Harm     .    (no cloak)
rCorr   .          Rampage  .    (no gloves)
Will    .....                    (no boots)
Stlth   ++........               (no amulet)
HPRegen 0.06/turn                (no ring)
MPRegen 0.09/turn                (no ring)

@: very slightly contaminated
A: no striking features
a: no special abilities


You were on level 1 of the Dungeon.
You visited 1 branch of the dungeon, and saw 1 of its levels.

You collected 20 gold pieces.

Inventory:

Hand Weapons
 d - a +0 dagger (weapon)
Armour
 a - a +0 robe (worn)
Scrolls
 c - a scroll of enchant armour {unknown}
Potions
 b - a potion of magic


   Skills:
 + Level 0.0 Fighting
 + Level 2.1 Dodging
 + Level 2.1 Stealth
 + Level 2.1 Spellcasting
 * Level 4.1 Necromancy


You had 4 spell levels left.
You knew the following spells:

 Your Spells              Type           Power      Damage    Failure   Level
a - Necrotise             Necr           52%        1d6       4%          1

Your spell library contained the following spells:

 Spells                   Type           Power      Damage    Failure   Level
 Vampiric Draining        Necr           13%        2d6       12%         3
 Animate Dead             Necr           13%        N/A       38%         4
 Agony                    Necr           13%        N/A       75%         5


Dungeon Overview and Level Annotations

Branches:
Dungeon (1/15)

Altars:


Message History

Press: ? - help, Q - select action Shift-Dir - straight line, f/p - gnoll
Aim: a gnoll, wielding a +0 spear (heavily wounded, chance to affect: 76%)
You miscast Necrotise.
You are very lightly contaminated with residual magic.
Nothing appears to happen.
The gnoll closely misses you.
Your magical contamination has completely faded away.
You see here a +0 dagger.
d - a +0 dagger The giant cockroach barely misses you.
d - a +0 dagger (weapon)
You completely miss the giant cockroach.
The giant cockroach bites you but does no damage.
The giant cockroach bites you but does no damage.
The giant cockroach attacks as you move away!
The giant cockroach barely misses you.
Aiming: Necrotise (safe; 4% risk of failure)
Press: ? - help, Q - select action Shift-Dir - straight line, f/p - gnoll
Aim: a gnoll, wielding a +0 spear (heavily wounded, chance to affect: 76%)
You miscast Necrotise.
You are very lightly contaminated with residual magic.
Nothing appears to happen.
The gnoll hits you from afar with a +0 spear.
The giant cockroach barely misses you. The giant cockroach bites you.
The gnoll closely misses you.
You hit the gnoll.
The gnoll is heavily wounded.
The giant cockroach closely misses you. The gnoll closely misses you.
You barely miss the gnoll.
The gnoll is heavily wounded.
The giant cockroach bites you. The gnoll hits you with a +0 spear.
The giant cockroach bites you.
You hit the gnoll but do no damage.
The gnoll is heavily wounded.
The gnoll misses you. The giant cockroach bites you.
* * * LOW HITPOINT WARNING * * *
The giant cockroach attacks as you move away!
The giant cockroach bites you but does no damage.
The gnoll hits you from afar with a +0 spear!
You die...

#.####.#.###### #.#....#.
#.............# ####..###
######.##.###.#######.#..##
# ......................###
###.##.###.#######..#...#.
#.........##########....
........g.....# ##._.
####.....B###...####....
#...@..# #.#.#...#.
#......# #......###
#......# #..#..## ....)...#
## ##..###
###......########....#.
#......#.......#.....
........#.#####.#.....
###.##### #.#..... #.#.....


You could see a gnoll and a giant cockroach.

Vanquished Creatures
  2 ball pythons (D:1)
  An endoplasm (D:1)
  A goblin (D:1)
  2 bats (D:1)
  A frilled lizard (D:1)
7 creatures vanquished.

Notes
Turn   | Place    | Note
-------+----------+-------------------------------------------
     0 | D:1      | KennySheep the Human Necromancer began the quest for the
                  | Orb.
     0 | D:1      | Reached XP level 1. HP: 13/13 MP: 3/3
    67 | D:1      | Found a faded altar of an unknown god.
   135 | D:1      | Reached XP level 2. HP: 19/19 MP: 3/5
   195 | D:1      | Slain by a gnoll

Illustrated notes

Levels and vault maps discovered:
D:1:      mushboom_english_gardens, layout_basic,
          nicolae_ecumenical_snake_handling, serial_shops,
          nicolae_shop_window_shopping, nicolae_shop_waterfront, shop,
          serial_bayou_crossing

Action                   || total
-------------------------++-------
Melee: Unarmed           ||     2
       Dagger            ||     4
 Cast: Necrotise         ||    11
Armor: Robe              ||     3
Dodge: Dodged            ||    10

Table legend: (Time is in decaauts)
 A = Elapsed time spent in this place.
 B = Non-inter-level travel time spent in this place.
 C = Inter-level travel time spent in this place.
 D = Time resting spent in this place.
 E = Time spent auto-exploring this place.
 F = Levels seen in this place.
 G = Mean time per level.
                   A        B        C        D        E       F      G
               +--------+--------+--------+--------+--------+-----+--------+
         Total |    194 |    194 |      0 |      0 |    141 |   1 |  194.0 |
       Dungeon |    194 |    194 |      0 |      0 |    141 |   1 |  194.0 |
               +--------+--------+--------+--------+--------+-----+--------+

Top non-repeatable levels by time:
     D:1: 194 daAuts
